 Dungeon Crawl Stone Soup version 0.29-a0-925-g0a7a3d12f8 (webtiles) character file.

Game seed: 17741880014543770272

25 Newt the Trooper (level 2, 0/25 HPs)
             Began as a Palentonga Monk on July 29, 2022.
             Slain by an adder (3 damage)
             ... on level 2 of the Dungeon.
             The game lasted 00:01:36 (1060 turns).

Newt the Trooper (Palentonga Monk)                  Turns: 1060, Time: 00:01:37

Health: 0/25       AC:  4    Str: 14    XL:     2   Next: 86%
Magic:  2/2        EV: 10    Int: 10    God:
Gold:   72         SH:  0    Dex: 12    Spells: 1/1 levels left

rFire   . . .      SeeInvis +     - Unarmed
rCold   . . .      Faith    .   (no shield)
rNeg    . . .      Spirit   .   a - +0 robe
rPois   .          Reflect  .   (no helmet)
rElec   .          Harm     .   (no cloak)
rCorr   .          Rampage  .   (no gloves)
Will    .....                   (no barding)
Stlth   ++........              (no amulet)
HPRegen 0.08/turn               (no ring)
MPRegen 0.08/turn               (no ring)

@: lethally poisoned (0 -> -1)
A: large, rugged brown scales 3, see invisible, deformed body, roll 1, armoured
tail
a: Rolling Charge


You were on level 2 of the Dungeon.
You visited 1 branch of the dungeon, and saw 2 of its levels.

You collected 72 gold pieces.

Inventory:

Armour
 a - a +0 robe (worn)
Scrolls
 d - a scroll of enchant weapon {unknown}
 e - a scroll of fear {unknown}
 f - a scroll of magic mapping {unknown}
 h - a scroll of identify {unknown}
 i - 2 scrolls of enchant armour {unknown}
 j - a scroll of teleportation {unknown}
Potions
 b - a potion of ambrosia
 c - a potion of curing {unknown}
 g - a potion of magic {unknown}


   Skills:
 + Level 3.3 Fighting
 * Level 1.2 Staves
 + Level 2.7 Dodging
 + Level 1.3 Stealth
 + Level 3.1 Unarmed Combat


You had one spell level left.
You didn't know any spells.
Your spell library was empty.

Dungeon Overview and Level Annotations

Branches:
Dungeon (2/15)

Altars:

Shops:
D:1 (


Innate Abilities, Weirdness & Mutations

You are completely covered in rugged brown scales. (AC +3, +7% HP)
You have supernaturally acute eyesight. (SInv)
Armour fits poorly on your strangely shaped body.
You can roll at nearby foes to attack.
You have a long armoured tail.


Message History

Roll where?
Press: ? - help, Q - select action Dir - move target, f - adder
Aim: an adder (asleep)
You roll forward with a clatter of scales!
Found a stone staircase leading up.
The adder hisses angrily.
You closely miss the adder. The adder bites you.
You are poisoned.
The adder poisons you!
You closely miss the adder.
Your tail-slap misses the adder.
You feel sick. The adder bites you.
You hit the adder.
The adder is lightly wounded.
You feel sick.
The adder bites you but does no damage. x2
You closely miss the adder.
The adder is lightly wounded.
You feel sick. The adder barely misses you.
You barely miss the adder.
The adder is lightly wounded.
You feel sick.
You are no longer poisoned.
The adder bites you.
You are poisoned.
The adder poisons you!
You hit the adder.
The adder is lightly wounded.
You feel sick. The adder bites you.
You closely miss the adder.
The adder is lightly wounded.
You feel sick. The adder bites you.
* * * LOW HITPOINT WARNING * * *
The adder closely misses you.
You hit the adder.
The adder is moderately wounded.
You feel sick. The adder barely misses you.
You hit the adder.
Your tail-slap misses the adder.
The adder is almost dead.
You feel sick. The adder bites you.
You die...

.# .# .# ## .# ..
##.# .# ...
###...##.###...#
<.....S......#..
#@#..#...#.
#..#...#...#
#....#...#..
#..#...#...#
#....#...#... [. #
#..#...#...#...#..
#....#...#...#...#
#..#...#...#...#.
#....#...#...#...#


You could see an adder.

Vanquished Creatures
  2 dart slugs (D:1)
  An endoplasm (D:1)
  A goblin (D:1)
  4 hobgoblins
  2 jackals (D:1)
  A kobold (D:1)
  4 ball pythons (D:1)
  4 bats
19 creatures vanquished.

Notes
Turn   | Place    | Note
-------+----------+-------------------------------------------
     0 | D:1      | Newt the Palentonga Monk began the quest for the Orb.
     0 | D:1      | Reached XP level 1. HP: 19/19 MP: 1/1
    16 | D:1      | Found Nugheidu's Antique Weapon Emporium.
   287 | D:1      | Reached XP level 2. HP: 21/25 MP: 2/2
   653 | D:1      | Reached skill level 1 in Staves
  1060 | D:2      | Slain by an adder

Illustrated notes

Levels and vault maps discovered:
D:1:      dpeg_arrival_arbitrary_b, layout_loops_cross, serial_shops, shop,
          minmay_parallelograms, minmay_misc_feat_nine_boxes
D:2:      layout_loops_corners, basic_altar, serial_shops, shop, hex_large,
          minmay_puff

Skill      XL: |  1  2 |
---------------+-------+-----
Staves         | 1 |  1.2
Fighting       | |  3.3
Dodging        | |  2.7
Stealth        | |  1.3
Unarmed Combat | |  3.1

Action                   || total
-------------------------++-------
Melee: Unarmed           ||    77
       Tailslap          ||     7
       Punch             ||     2
 Abil: Rolling Charge    ||     2
 Stab: Sleeping          ||     2
Armor: Robe              ||    23
Dodge: Dodged            ||    34

Table legend: (Time is in decaauts)
 A = Elapsed time spent in this place.
 B = Non-inter-level travel time spent in this place.
 C = Inter-level travel time spent in this place.
 D = Time resting spent in this place.
 E = Time spent auto-exploring this place.
 F = Levels seen in this place.
 G = Mean time per level.
                   A        B        C        D        E       F      G
               +--------+--------+--------+--------+--------+-----+--------+
         Total |   1055 |   1046 |      9 |      0 |    863 |   2 |  527.5 |
       Dungeon |   1055 |   1046 |      9 |      0 |    863 |   2 |  527.5 |
               +--------+--------+--------+--------+--------+-----+--------+

Top non-repeatable levels by time:
     D:1: 841 daAuts
     D:2: 213 daAuts
